 Dungeon Crawl Stone Soup version 0.28.0-53-g5a82cb258f (webtiles) character file.

Game seed: 6118492199916404078

970 MisterFreud the Nimble (level 7, -3/51 HPs)
             Began as a Felid Berserker on Aug 5, 2022.
             Was a Priest of Trog.
             Slain by a troll (9 damage)
             ... on level 6 of the Dungeon.
             The game lasted 00:06:48 (7018 turns).

MisterFreud the Nimble (Felid Berserker)            Turns: 7018, Time: 00:06:49

Health: -3/51      AC:  2    Str: 13    XL:     7   Next: 94%
Magic:  8/8        EV: 24    Int: 14    God:    Trog [***...]
Gold:   238        SH:  0    Dex: 18    Spells: 6/6 levels left
                                        Lives:  0   Deaths: 2

rFire   . . .      SeeInvis +     - Unarmed
rCold   . . .      Faith    .   (shield unavailable)
rNeg    . . .      Spirit   .   (armour unavailable)
rPois   .          Reflect  .   (helmet unavailable)
rElec   .          Harm     .   (cloak unavailable)
rCorr   .          Rampage  .   (gloves unavailable)
Will    +....                   (boots unavailable)
Stlth   ..........              (no amulet)
HPRegen 0.17/turn               i - +6 ring of intelligence
MPRegen 0.11/turn               (no ring)

@: berserking, very quick
A: very small, claws 1, fangs 3, see invisible, speed 1, shaggy fur 2, stealthy
paws, no weapons or thrown items, no armour, multi-lived
a: Renounce Religion, Berserk, Trog's Hand


You were on level 6 of the Dungeon.
You worshipped Trog.
Trog was most pleased with you.
You visited 1 branch of the dungeon, and saw 6 of its levels.

You collected 238 gold pieces.

Inventory:

Jewellery
 a - a ring of fire
 i - a +6 ring of intelligence (left paw)
 l - an amulet of magic regeneration
Wands
 n - a wand of acid (3)
Scrolls
 b - 2 scrolls of teleportation
 c - a scroll of blinking
 k - a scroll of identify
 p - a scroll of vulnerability
Potions
 d - 2 potions of flight
 e - 2 potions of resistance
 f - 3 potions of brilliance
 h - a potion of attraction
 m - 3 potions of curing
 q - a potion of heal wounds


   Skills:
 - Level 6.0 Fighting
 - Level 10.0 Dodging
 + Level 8.3 Stealth
 + Level 7.2 Unarmed Combat


You had 6 spell levels left.
You didn't know any spells.
Your spell library was empty.

Dungeon Overview and Level Annotations

Branches:
Dungeon (6/15)             Temple (0/1) D:5

Altars:
Cheibriados


Innate Abilities, Weirdness & Mutations

You have sharp claws.
You have razor-sharp teeth.
You have supernaturally acute eyesight. (SInv)
You cover ground quickly. (Speed+)
You are covered in thick fur. (AC +2)
Your paws help you pounce on unaware monsters.
You are incapable of wielding weapons or throwing items.
You cannot wear armour.
You gain extra lives every three experience levels.


Message History

a +0 shortbow; 23 arrows; a centaur skeleton
There is an open door here.
There is an open door here.
You see here a +0 dagger.
A troll is nearby!
A troll is nearby!
The troll shouts!
You scratch the troll but do no damage. You claw the troll.
Your bite misses the troll.
The troll is lightly wounded.
The troll misses you. The troll claws you. The troll misses you.
You scratch the troll. You bite the troll.
The troll is moderately wounded.
The troll bites you! The troll barely misses you. The troll misses you.
A red film seems to cover your vision as you go berserk!
You feel yourself moving faster!
You feel mighty! The troll misses you. The troll completely misses you.
The troll claws you!
* * * LOW HITPOINT WARNING * * *
You claw the troll!
The troll is heavily wounded.
The troll bites you.
* * * LOW HITPOINT WARNING * * *
The troll barely misses you. The troll completely misses you.
You closely miss the troll.
The troll is heavily wounded.
The troll completely misses you. x2; The troll claws you.
* * * LOW HITPOINT WARNING * * *
You closely miss the troll.
The troll is heavily wounded.
You barely miss the troll.
The troll is heavily wounded.
The troll completely misses you. The troll claws you.
* * * LOW HITPOINT WARNING * * *
The troll completely misses you.
You closely miss the troll.
The troll is heavily wounded.
You scratch the troll.
The troll is severely wounded.
The troll bites you!
You die...

#...#.###########
#...#...........#
##..#.#########.# #..#.##
#####.# ####..#..##
#.....#
#...).....###.###.#
#######....#....#########
##..##...#...##.(##....
#....#@..#...#....#####
##..#.#T..#...#.#..##
#..##.#.÷#.#..#.##..#
#..#..#.)#)#..#.[#$.####
#..####..#(#..####..#...
##..##..##.##..##T.#####
#...)÷.#...#(..†..#####
##....##...##....##....
##..##.....##..#######


You could see a troll.

Vanquished Creatures
  A troll (D:6)
  Sigmund (D:2)
  A wyvern (D:6)
  A water moccasin (D:5)
  A sky beast (D:5)
  An ice beast (D:6)
  3 black bears
  A necrophage (D:5)
  An ogre (D:6)
  A centaur (D:6)
  Blork the orc (D:4)
  2 bullfrogs (D:6)
  3 scorpions
  A water moccasin zombie (D:5)
  A water moccasin skeleton (D:5)
  3 wights (D:5)
  A hound (D:4)
  Crazy Yiuf (D:3)
  Jessica (D:2)
  3 iguanas
  Natasha (thrice) (D:3)
  A hound skeleton (D:5)
  5 adders
  8 gnolls
  A shadow imp (D:5)
  A white imp (D:5)
  An ufetubus (D:6)
  3 worms
  7 orcs
  9 ball pythons
  8 endoplasms
  A giant cockroach (D:4)
  6 goblins
  13 hobgoblins
  2 quokkas
  6 bats
  8 frilled lizards
  5 kobolds
  6 rats
123 creatures vanquished.

Notes
Turn   | Place    | Note
-------+----------+-------------------------------------------
     0 | D:1      | MisterFreud the Felid Berserker began the quest for the
                  | Orb.
     0 | D:1      | Reached XP level 1. HP: 10/10 MP: 2/2
    80 | D:1      | Reached skill level 1 in Stealth
   369 | D:1      | Reached XP level 2. HP: 14/14 MP: 3/3
  1189 | D:2      | Reached XP level 3. HP: 6/17 MP: 4/4
  1711 | D:2      | Noticed Sigmund
  1720 | D:2      | Killed Sigmund
  1721 | D:2      | Reached skill level 5 in Stealth
  1721 | D:2      | Reached XP level 4. HP: 18/21 MP: 5/5
  1721 | D:2      | Reached XP level 5. HP: 20/24 MP: 6/6
  1921 | D:2      | Noticed Jessica
  1928 | D:2      | Killed Jessica
  1929 | D:2      | Reached skill level 5 in Unarmed Combat
  2402 | D:3      | Reached ** piety under Trog
  2552 | D:3      | Noticed Natasha
  2560 | D:3      | Killed Natasha
  2561 | D:3      | Gained mutation: You are covered in thick fur. (AC +2)
                  | [Felid growth]
  2561 | D:3      | Reached XP level 6. HP: 23/28 MP: 7/7
  2645 | D:3      | Found a faded altar of an unknown god.
  2649 | D:3      | Noticed Natasha
  2671 | D:3      | Killed Natasha
  2713 | D:3      | Noticed Natasha
  2725 | D:3      | Killed Natasha
  3350 | D:3      | Found a runed translucent door.
  3351 | D:3      | Noticed Crazy Yiuf
  3538 | D:3      | Killed Crazy Yiuf
  3608 | D:4      | Noticed Blork the orc
  3625 | D:4      | Killed Blork the orc
  3865 | D:4      | Reached skill level 5 in Dodging
  4110 | D:4      | Reached XP level 7. HP: 26/31 MP: 8/8
  4456 | D:5      | Entered Level 5 of the Dungeon
  4475 | D:5      | Reached *** piety under Trog
  4476 | D:5      | Reached skill level 6 in Dodging
  4551 | D:5      | Reached skill level 7 in Dodging
  4774 | D:5      | Reached skill level 8 in Dodging
  4820 | D:5      | Reached skill level 9 in Dodging
  4820 | D:5      | Reached XP level 8. HP: 6/34 MP: 9/9
  4823 | D:5      | HP: 1/34 [poisoned by a water moccasin]
  4824 | D:5      | Succumbed to a water moccasin's poison
  4825 | D:5      | Reached XP level 7. HP: 0/31 MP: 8/8
  5103 | D:5      | Reached skill level 10 in Dodging
  5398 | D:5      | Reached skill level 5 in Fighting
  5399 | D:5      | Reached XP level 8. HP: 30/37 MP: 9/9
  5601 | D:5      | Found a staircase to the Ecumenical Temple.
  5868 | D:6      | Noticed a troll
  5880 | D:6      | Killed a troll
  6608 | D:6      | Found a snail-covered altar of Cheibriados.
  6652 | D:6      | Noticed a troll
  6966 | D:6      | Slain by a troll
  6967 | D:6      | Reached XP level 7. HP: -5/51 MP: 8/8
  7018 | D:6      | Slain by a troll

Illustrated notes

Levels and vault maps discovered:
D:1:      psy_arrival_basics, layout_loops_ring, serial_park_tiny_pond
D:2:      layout_loops_corners, uniq_sigmund, uniq_jessica
D:3:      layout_basic, chequers_ecumenical_altar_simple,
          cheibrodos_sewer_entry_bend, uniq_natasha, uniq_crazy_yiuf_cottage
D:4:      layout_basic, uniq_blork_the_orc
D:5:      layout_rooms, minmay_temple_entry_junction
D:6:      layout_loops_ring, mainiacjoe_overflow_24_doors, minmay_puff

Skill      XL: |  1  2  3  4  5  6  7  8 |
---------------+-------------------------+-----
Stealth        | 1 2 5 6 8 |  8.3
Unarmed Combat | 4 5 6 7 |  7.2
Dodging        | 5 10 | 10.0
Fighting       | 5 6 |  6.0

Action                   |  1- 3 |  4- 6 |  7- 9 || total
-------------------------+-------+-------+-------++-------
Melee: Unarmed           |    72 |   114 |   216 ||   402
       Bite              |     7 |     8 |    30 ||    45
       Punch             |     5 |     3 |     8 ||    16
Invok: Berserk           |     1 |     1 |     7 ||     9
       Trog's Hand       |       |       |     1 ||     1
  Use: Scroll            |       |     8 |    12 ||    20
 Stab: Sleeping          |     6 |    15 |     8 ||    29
       Distracted        |       |       |     1 ||     1
Armor: Skin              |       |     4 |    10 ||    14
Dodge: Dodged            |    41 |    61 |   192 ||   294
